 Dungeon Crawl Stone Soup version 0.24-a0-184-gcb5ae2c (webtiles) character file.

Game seed: 6084525271186447427

2533 Dfrag the Firebug (level 9, -5/68 HPs)
             Began as a Naga Fire Elementalist on Mar 16, 2019.
             Slain by Joseph
             ... wielding a +0 quarterstaff
              (13 damage)
             ... on level 7 of the Dungeon.
             The game lasted 00:10:13 (5689 turns).

Dfrag the Firebug (Naga Fire Elementalist)          Turns: 5689, Time: 00:10:14

Health: -5/68      AC:  8    Str:  9 (10) XL:     9   Next: 55%
Magic:  2/28       EV: 10    Int: 16 (19) God:
Gold:   346        SH:  0    Dex:  9 (12) Spells: 9/22 levels left

rFire    + . .     SeeInvis +   t - +2 hand axe (venom)
rCold    + . .     Gourm    .   (no shield)
rNeg     . . .     Faith    .   v - +1 robe "Foycacru" {SInv} (curse)
rPois    +         Spirit   .   (no helmet)
rElec    +         Reflect  .   p - +2 cloak
rCorr    +         Harm     .   (no gloves)
MR       +....                  (no barding)
Stlth    ++........             n - amulet of rage (curse)
HPRegen  0.21/turn              y - ring of poison resistance
MPRegen  0.21/turn              x - ring of magical power

@: resistant, very slow
A: large, see invisible, deformed body, poison resistance, slowness 2, slow
metabolism 1, spit poison 1, AC +3
a: Spit Poison, Evoke Berserk Rage


You were on level 7 of the Dungeon.
You were not hungry.

You visited 1 branch of the dungeon, and saw 7 of its levels.
You also visited: Ossuary.

You collected 346 gold pieces.

Inventory:

Hand Weapons
 q - a +2 short sword of draining
 t - a +2 hand axe of venom (weapon)
Armour
 a - a +0 robe
 p - a +2 cloak (worn)
 v - the cursed +1 robe "Foycacru" (worn) {SInv}
   (You found it on level 6 of the Dungeon)

   It lets you see invisible.
   It has a curse placed upon it.
Jewellery
 f - an uncursed amulet of harm
 i - a +2 ring of dexterity
 n - a cursed amulet of rage (around neck)
 w - an uncursed ring of ice
 x - a ring of magical power (right hand)
 y - a ring of poison resistance (left hand)
Scrolls
 h - a scroll of teleportation
 j - 2 scrolls of random uselessness
 l - 4 scrolls of remove curse
 m - 2 scrolls of magic mapping
 o - 2 scrolls of amnesia
 r - a scroll of immolation {unknown}
 s - 2 scrolls of enchant armour
 C - a scroll of identify
 D - 2 scrolls of fog {unknown}
 G - a scroll of blinking {unknown}
 H - a scroll of brand weapon {unknown}
Potions
 b - 4 potions of flight
 d - 2 potions of resistance
 e - a potion of mutation {unknown}
 g - a potion of heal wounds {unknown}
 k - a potion of invisibility {unknown}
 u - 2 potions of degeneration
 z - a potion of brilliance {unknown}
 A - 2 potions of curing
 B - 2 potions of haste {unknown}
 E - 2 potions of lignification {unknown}
 F - 2 potions of ambrosia {unknown}
Comestibles
 c - 10 rations


   Skills:
 - Level 1.5 Dodging
 - Level 3.0 Stealth
 + Level 7.0 Spellcasting
 + Level 7.3 Conjurations
 + Level 7.9 Fire Magic


You had 9 spell levels left.
You knew the following spells:

 Your Spells              Type           Power        Failure   Level  Hunger
a - Flame Tongue          Conj/Fire      ####.        1%          1    None
b - Conjure Flame         Conj/Fire      ####....     1%          3    ##.....
c - Sticky Flame          Conj/Fire      ####....     5%          4    ####...
d - Fireball              Conj/Fire      ####......   16%         5    #####..

Your spell library contained the following spells:

 Spells                   Type           Power        Failure   Level  Hunger
 Throw Flame              Conj/Fire      ####..       1%          2    None
 Inner Flame              Hex/Fire       ###.....     8%          3    ##.....
 Dazzling Spray           Conj/Hex       ###...       9%          3    ##.....
 Corona                   Hex            #......      12%         1    None
 Ensorcelled Hibernation  Hex/Ice        #.....       19%         2    None
 Confuse                  Hex            #.......     36%         3    ##.....
 Tukima's Dance           Hex            #.......     36%         3    ##.....


Dungeon Overview and Level Annotations

Branches:
Dungeon (7/15)
 Temple: D:4-7

Altars:
Dithmenos
Gozag
Hepliaklqana
Qazlal
Wu Jian
Yredelemnul

Shops:
D:6 %

Annotations:
D:4 1 runed translucent door, garrulousMonolith's ghost, amateur GrFi
D:7 Joseph


Innate Abilities, Weirdness & Mutations

You cannot wear boots.
Your serpentine skin is tough. (AC +3)
You have supernaturally acute eyesight. (SInv)
Armour fits poorly on your strangely shaped body.
Your system is resistant to poisons. (rPois)
You cover ground very slowly.
You have a slow metabolism.
You can spit poison.


Message History

There was something very wrong with that liquid.
You feel weakened.
You feel dopey.
You feel clumsy.
Okay, then.
You eat one of the 11 rations.
That ration really hit the spot!
Joseph hits you with a +0 quarterstaff!
* * * LOW HITPOINT WARNING * * *
Casting: Fireball (quite dangerous; 16% risk of failure)
Confirm with . or Enter, or press ? or * to list all spells.
Aiming: Sticky Flame (safe; 5% risk of failure)
Press: ? - help, Shift-Dir - straight line, f - Joseph
Aim: Joseph, wielding a +0 quarterstaff, wearing a +3 ring mail of cold resistance and carrying a wand of digging (3) (heavily wounded, unusually resistant)
The sticky flame hits Joseph.
Joseph resists.
Joseph is heavily wounded.
Joseph is covered in liquid flames!
Joseph burns!
Joseph hits you with a +0 quarterstaff!
* * * LOW HITPOINT WARNING * * *
Unknown command.
It was a potion of curing.
You feel better.
Joseph burns!
Joseph hits you with a +0 quarterstaff!
You die...

.# #..#
#....##.......... .#
##..# ##...##..........
.# ##.#
#....#.....[)[... .. #.#
##.......>........
#.###..##.............
#....!###..)......(...
##...(# #.............
###....(# #.............
#....$.@# #.............
.#####.@.##.............
#...##.............
#...#..............
...##...#######....
#.### ..# ##... .# ...
.#


You could see Joseph (burning).

Vanquished Creatures
  Grinder (D:3)
  Menkaure (Ossuary)
  A black bear (D:6)
  2 orc warriors
  5 ogres
  A centaur (D:6)
  2 scorpions
  4 crimson imps
  A howler monkey (D:5)
  2 bullfrog zombies
  3 orc priests
  4 orc wizards
  3 centaur zombies (Ossuary)
  3 hounds
  Crazy Yiuf (D:2)
  A bullfrog skeleton (D:6)
  A gnoll shaman (D:6)
  A jelly (D:6)
  A centaur skeleton (D:4)
  2 iguanas
  3 worker ants
  2 ogre zombies (Ossuary)
  A hound zombie (D:7)
  A hound skeleton (D:6)
  6 mummies (Ossuary)
  4 gnolls
  10 adders
  3 shadow imps
  An ooze (D:1)
  An adder skeleton (D:5)
  6 adder zombies
  2 worms
  5 dart slugs
  3 leopard geckos
  20 orcs
  4 bats
  4 giant cockroaches
  4 goblins
  8 hobgoblins
  2 jackals (D:3)
  4 quokkas
  2 ball pythons (D:1)
  3 frilled lizards
  A goblin zombie (Ossuary)
  6 hobgoblin zombies (Ossuary)
  A jackal skeleton (D:5)
  8 kobolds
  7 kobold zombies (Ossuary)
  A leopard gecko skeleton (D:5)
  A leopard gecko zombie (D:2)
  3 quokka zombies (Ossuary)
  4 rats
  2 rat zombies (Ossuary)
173 creatures vanquished.

Notes
Turn   | Place    | Note
-------+----------+-------------------------------------------
     0 | D:1      | Dfrag the Naga Fire Elementalist began the quest for the
                  | Orb.
     0 | D:1      | Reached XP level 1. HP: 15/15 MP: 3/3
    71 | D:1      | Reached XP level 2. HP: 20/22 MP: 0/5
   198 | D:1      | Reached XP level 3. HP: 28/28 MP: 6/6
  1134 | D:2      | Found a runed translucent door.
  1137 | D:2      | Noticed Crazy Yiuf
  1143 | D:2      | Learned a level 3 spell: Conjure Flame
  1200 | D:2      | Reached XP level 4. HP: 36/36 MP: 3/8
  1212 | D:2      | Learned a level 4 spell: Sticky Flame
  1503 | D:2      | Killed Crazy Yiuf
  1503 | D:2      | Reached XP level 5. HP: 42/42 MP: 4/9
  1602 | D:3      | Found an opulent altar of Gozag.
  1897 | D:3      | Noticed Grinder
  1984 | D:4      | Noticed an ogre
  2146 | D:4      | Killed an ogre
  2146 | D:4      | Reached XP level 6. HP: 24/49 MP: 3/11
  2375 | D:4      | Found a runed translucent door.
  2380 | D:4      | Noticed garrulousMonolith's ghost (amateur GrFi)
  2695 | D:4      | Reached skill level 5 in Fire Magic
  2695 | D:4      | Reached XP level 7. HP: 55/55 MP: 8/13
  3127 | D:3      | Found a faded altar of an unknown god.
  3213 | D:3      | Killed Grinder
  3325 | D:3      | Found a shadowy altar of Dithmenos.
  3442 | D:5      | Entered Level 5 of the Dungeon
  3581 | D:5      | Found an ornate altar of the Wu Jian Council.
  3604 | D:5      | Found a stormy altar of Qazlal.
  3654 | D:5      | Reached skill level 5 in Spellcasting
  3654 | D:5      | Reached skill level 5 in Conjurations
  3654 | D:5      | Reached XP level 8. HP: 62/62 MP: 9/15
  3732 | D:5      | Found a hazy altar of Hepliaklqana.
  3965 | D:5      | Found a basalt altar of Yredelemnul.
  4343 | D:6      | Found Gizos's Food Shop.
  4448 | D:6      | Learned a level 5 spell: Fireball
  4650 | D:6      | Got a sheer robe
  4661 | D:6      | Identified the cursed +1 robe "Foycacru" {SInv} (You found
                  | it on level 6 of the Dungeon)
  4706 | D:6      | Reached XP level 9. HP: 68/68 MP: 18/18
  5155 | D:7      | Found a sand-covered staircase.
  5171 | Ossuary  | Entered an ossuary
  5486 | Ossuary  | Noticed Menkaure
  5488 | Ossuary  | Killed Menkaure
  5676 | D:7      | Noticed Joseph
  5688 | D:7      | HP: 2/68 [Joseph/+0 quarterstaff (8)]
  5689 | D:7      | Slain by Joseph

Levels and vault maps discovered:
D:1:      minmay_arrival_arboretum_small, layout_basic, hex_intersection
D:2:      layout_basic, first_ration, uniq_crazy_yiuf_cottage
D:3:      layout_loops_cross, lemuel_coloured_pillars_altar,
          chequers_ecumenical_altar_grove, kennysheep_doodads,
          nicolae_dithmenos_through_a_glass_darkly, uniq_grinder
D:4:      layout_gridville, ebering_ghost_reflecting_pool
D:5:      layout_rooms, kennysheep_mini, kennysheep_little_box,
          nicolae_qazlal_general_emergency, lemuel_round_altar,
          grunt_ministairs_2
D:6:      layout_gridville, serial_shops, shop, nrook_campfire
D:7:      layout_layer_cave, overflow_temple_1_default,
          minmay_temple_entry_overgrown, nicolae_ossuary_entry_ruins,
          uniq_joseph
Ossuary:  ossuary_boxes_badplayer

Skill      XL: |  1  2  3  4  5  6  7  8  9 |
---------------+----------------------------+-----
Conjurations   | 2 3 4 5 6 7 |  7.3
Spellcasting   | 3 4 5 6 7 |  7.0
Fire Magic     | 4 5 7 |  7.9
Dodging        | |  1.5
Stealth        | |  3.0

Action                   |  1- 3 |  4- 6 |  7- 9 || total
-------------------------+-------+-------+-------++-------
Melee: Unarmed           |     2 |     3 |       ||     5
       Short sword       |       |     2 |    31 ||    33
       Hand axe          |       |       |   127 ||   127
 Cast: Flame Tongue      |    22 |    54 |   149 ||   225
       Sticky Flame      |       |     1 |    25 ||    26
       Conjure Flame     |       |       |     1 ||     1
       Fireball          |       |       |     8 ||     8
 Abil: Spit Poison       |    22 |    13 |    21 ||    56
  Use: Scroll            |       |     4 |     4 ||     8
       Potion            |       |       |     3 ||     3
 Stab: Sleeping          |       |       |     3 ||     3
  Eat: Chunk             |     1 |     6 |    14 ||    21
       Ration            |       |       |     1 ||     1
Armor: Robe              |     3 |    13 |   117 ||   133
Dodge: Dodged            |    10 |     9 |   141 ||   160

Table legend:
 A = Non-vault XP
 B = Vault XP
 C = Vault XP percentage of total XP
 D = Non-vault monster count
 E = Vault monster count
 F = Vault count percentage of total count
                 A         B        C        D         E       F
            +---------+---------+-------+---------+---------+-------
      Total |    2616 |    1003 |  27.7 |     133 |      40 |  23.1
            +---------+---------+-------+---------+---------+-------
        D:1 |      69 |       0 |   0.0 |      27 |       0 |   0.0
        D:2 |      55 |      41 |  42.7 |      12 |       1 |   7.7
        D:3 |     109 |     286 |  72.4 |      19 |       1 |   5.0
        D:4 |     468 |       0 |   0.0 |      12 |       0 |   0.0
        D:5 |     583 |     169 |  22.5 |      22 |       2 |   8.3
        D:6 |    1115 |       0 |   0.0 |      31 |       0 |   0.0
        D:7 |     217 |       0 |   0.0 |      10 |       0 |   0.0
    Ossuary |       0 |     507 | 100.0 |       0 |      36 | 100.0
            +---------+---------+-------+---------+---------+-------
